 Dungeon Crawl Stone Soup version 0.26-a0-597-gb535b0901c (webtiles) character file.

Game seed: 17234028634342551860

42 Flugslaktarn the Chopper (level 3, -2/34 HPs)
             Began as a Deep Dwarf Monk on Sept 14, 2020.
             Slain by an ogre
             ... wielding a +0 giant club
              (19 damage)
             ... on level 2 of the Dungeon.
             The game lasted 00:00:29 (915 turns).

Flugslaktarn the Chopper (Deep Dwarf Monk)           Turns: 915, Time: 00:00:29

Health: -2/34      AC:  2    Str: 15    XL:     3   Next: 33%
Magic:  3/3        EV: 13    Int: 10    God:
Gold:   42         SH:  0    Dex: 15    Spells: 2/2 levels left

rFire    . . .     SeeInvis .   a - +0 hand axe
rCold    . . .     Faith    .   (no shield)
rNeg     . . .     Spirit   .   b - +0 robe
rPois    .         Reflect  .   (no helmet)
rElec    .         Harm     .   (no cloak)
rCorr    .                      (no gloves)
MR       .....                  (no boots)
Stlth    ++........             (no amulet)
HPRegen  0.00/turn              (no ring)
MPRegen  0.08/turn              (no ring)

@: non-regenerating, lightly drained
A: damage resistance, heal wounds, sense surroundings 1, no regeneration
a: Heal Wounds


You were on level 2 of the Dungeon.
You visited 1 branch of the dungeon, and saw 2 of its levels.

You collected 42 gold pieces.

Inventory:

Hand Weapons
 a - a +0 hand axe (weapon)
Armour
 b - a +0 robe (worn)
Scrolls
 c - a scroll of enchant weapon {unknown}
 d - a scroll of amnesia {unknown}


   Skills:
 * Level 3.1(2.9) Fighting
 * Level 3.9(3.7) Axes
 + Level 1.2(0.9) Armour
 + Level 3.6(3.3) Dodging
 - Level 2.4(2.1) Stealth


You had 2 spell levels left.
You didn't know any spells.
Your spell library was empty.

Dungeon Overview and Level Annotations

Branches:
Dungeon (2/15)

Altars:


Innate Abilities, Weirdness & Mutations

You are resistant to damage.
You can heal yourself by infusing magical energy.
You passively map a small area around you.
You do not regenerate.


Message History

The ogre closely misses you.
You hit the ogre.
The ogre is heavily wounded.
You closely miss the hobgoblin. The hobgoblin hits you with a +0 club.
The ogre barely misses you.
You hit the ogre.
The ogre is heavily wounded.
You barely miss the hobgoblin. The hobgoblin closely misses you.
The ogre closely misses you.
You hit the ogre.
The ogre is severely wounded.
You hit the hobgoblin. The hobgoblin closely misses you.
The ogre hits you with a +0 giant club!
You hit the ogre.
The ogre is almost dead.
You hit the hobgoblin.
You kill the hobgoblin!
The ogre hits you with a +0 giant club!!
Ouch! That really hurt!
You die...

* #.# #.. , ,* #.#
#..# ,#* #># #..# .#
##'## #..####.#
##...## *.......
##.....## #.##.##
##.......##
#.#.O)####.).......##
#...@....+<........'.
#.#...####..)......##
#.##.## ##.......##
#.#### ##.....##
#.### ##...## #...#
##+## ###.# #.# #.#
####.###### #.#
##.........#


You could see an ogre.

Vanquished Creatures
  An adder (D:2)
  An ooze (D:2)
  A dart slug (D:1)
  A giant cockroach (D:1)
  2 hobgoblins
  2 jackals (D:1)
  3 kobolds (D:1)
  3 bats (D:1)
  7 goblins
  4 rats
25 creatures vanquished.

Vanquished Creatures (others)
  6 plants (D:1)
6 creatures vanquished.

Grand Total: 31 creatures vanquished

Notes
Turn   | Place    | Note
-------+----------+-------------------------------------------
     0 | D:1      | Flugslaktarn the Deep Dwarf Monk began the quest for the
                  | Orb.
     0 | D:1      | Reached XP level 1. HP: 20/20 MP: 1/1
   131 | D:1      | Reached XP level 2. HP: 25/27 MP: 2/2
   325 | D:1      | Reached skill level 1 in Armour
   840 | D:2      | Reached XP level 3. HP: 21/34 MP: 3/3
   908 | D:2      | Noticed an ogre
   915 | D:2      | Slain by an ogre

Illustrated notes

Levels and vault maps discovered:
D:1:      lightli_arrival_isolated_outpost, layout_basic, minmay_fountain_box,
          chequers_big_river
D:2:      minmay_door_path, layout_loops_corners

Skill      XL: |  1  2 |
---------------+-------+-----
Fighting       | 3 |  3.1
Armour         | 1 |  1.2
Axes           | |  3.9
Dodging        | |  3.6
Stealth        | |  2.4

Action                   || total
-------------------------++-------
Melee: Hand axe          ||    78
 Abil: Heal Wounds       ||     1
 Stab: Sleeping          ||     5
Armor: Robe              ||    13
Dodge: Dodged            ||    51

Table legend: (Time is in decaauts)
 A = Elapsed time spent in this place.
 B = Non-inter-level travel time spent in this place.
 C = Inter-level travel time spent in this place.
 D = Time resting spent in this place.
 E = Time spent auto-exploring this place.
 F = Levels seen in this place.
 G = Mean time per level.
                   A        B        C        D        E       F      G
               +--------+--------+--------+--------+--------+-----+--------+
         Total |    947 |    913 |     34 |      0 |    724 |   2 |  473.5 |
       Dungeon |    947 |    913 |     34 |      0 |    724 |   2 |  473.5 |
               +--------+--------+--------+--------+--------+-----+--------+

Top non-repeatable levels by time:
     D:1: 849 daAuts
     D:2: 98 daAuts
